 Dungeon Crawl Stone Soup version 0.22-a0-362-g535178c (webtiles) character file.

1297 sankara the Digger (level 8, -2/50 HPs)
             Began as a Gargoyle Earth Elementalist on Apr 20, 2018.
             Was a Believer of Kikubaaqudgha.
             Slain by an orc warrior
             ... wielding a +3 hand axe
              (7 damage)
             ... on level 6 of the Dungeon.
             The game lasted 00:43:58 (8072 turns).

sankara the Digger (Gargoyle Earth Elementalist)    Turns: 8072, Time: 00:43:58

Health: -2/50      AC: 11    Str: 14    XL:     8   Next: 56%
Magic:  1/11       EV: 12    Int: 16    God:    Kikubaaqudgha [**....]
Gold:   440        SH:  0    Dex: 10    Spells: 1/11 levels left

rFire    + . .     SeeInvis .   a - +1 flail
rCold    . . .     Gourm    .   (no shield)
rNeg     + . .     Faith    .   c - +0 robe
rPois    ∞         Spirit   .   e - +1 helmet
rElec    +         Reflect  .   r - +0 cloak {rPois}
rCorr    .         Harm     .   u - +0 pair of gloves
MR       .....     Rnd*Tele +   (no boots)
Stlth    ++........             (no amulet)
HPRegen  0.16/turn              f - ring of protection from fire {rF+, !d}
MPRegen  0.12/turn              A - ring of teleportation (curse) {+/*tele, !d}

@: slowed, very slow
A: negative energy resistance 1, electricity resistance, unbreathing,
petrification resistance, rot immunity, AC +5
a: Receive Corpses, Renounce Religion


You were on level 6 of the Dungeon.
You worshipped Kikubaaqudgha.
Kikubaaqudgha was pleased with you.
You were not hungry.

You visited 2 branches of the dungeon, and saw 7 of its levels.
You also visited: Sewer and Ossuary.

You collected 440 gold pieces.

Inventory:

Hand Weapons
 a - a +1 flail (weapon)
   (You took it off a gnoll on level 2 of the Dungeon)
 b - a +0 dagger
   (You found it on level 1 of the Dungeon)
Missiles
 n - 12 tomahawks (quivered)
 p - a throwing net {=f, !d}
 q - 48 stones
Armour
 c - a +0 robe (worn)
 e - a +1 helmet (worn)
   (You found it on level 1 of the Dungeon)
 r - a +0 cloak of poison resistance (worn)
   (You took it off Crazy Yiuf on level 2 of the Dungeon)
 u - a +0 pair of gloves (worn)
   (You found it on level 3 of the Dungeon)
 x - a +0 buckler
   (You found it on level 3 of the Dungeon)
Jewellery
 f - a ring of protection from fire (left hand) {rF+, !d}
   (You found it on level 1 of the Dungeon)
 j - an uncursed amulet of guardian spirit {unknown}
   (You found it on level 5 of the Dungeon)
 k - an uncursed ring of flight {+Fly, !d}
   (You found it on level 4 of the Dungeon)
 A - a cursed ring of teleportation (right hand) {+/*tele, !d}
   (You found it on level 4 of the Dungeon)
Wands
 y - a wand of random effects (25)
   (You took it off Natasha on level 3 of the Dungeon)
 B - a wand of acid (3)
   (You found it on level 5 of the Dungeon)
Scrolls
 g - a scroll of enchant weapon
 i - 5 scrolls of teleportation
 l - 10 scrolls of identify
 m - 2 scrolls of fog
 v - a scroll of amnesia
 D - a scroll of blinking {!r}
 E - 2 scrolls of fear
 L - a scroll of enchant armour
Potions
 h - 6 potions of heal wounds
 o - 3 potions of might {unknown}
 s - a potion of mutation {unknown}
 t - 5 potions of haste
 w - 2 potions of agility {unknown}
 z - 2 potions of curing {unknown}
 C - 2 potions of lignification {unknown}
 F - 2 potions of invisibility {unknown}
 G - a potion of brilliance {unknown}
 H - a potion of flight {unknown}
 I - a potion of resistance {unknown}
 J - a potion of cancellation {unknown}
Comestibles
 d - 9 rations


   Skills:
 - Level 5.5 Fighting
 - Level 5.5 Maces & Flails
 - Level 1.5 Dodging
 - Level 2.1 Stealth
 - Level 2.0 Spellcasting
 - Level 4.0 Conjurations
 + Level 0.9 Necromancy
 - Level 0.7 Transmutations
 - Level 7.0 Earth Magic


You had one spell level left.
You knew the following spells:

 Your Spells              Type           Power        Failure   Level  Hunger
a - Sandblast             Erth           ###...       1%          1    #......
b - Passwall              Tmut/Erth      ##........   6%          2    ###....
c - Animate Skeleton      Necr           N/A          14%         1    #......
d - Stone Arrow           Conj/Erth      ###...       6%          3    ###....
e - Regeneration          Chrm/Necr      #.........   45%         3    ###....


Dungeon Overview and Level Annotations

Branches:
Dungeon (6/15)             Temple (1/1) D:6

Altars:
Ashenzari
Cheibriados
Dithmenos
Elyvilon
Fedhas
Gozag
Hepliaklqana
Kikubaaqudgha
Makhleb
Nemelex Xobeh
Okawaru
Qazlal
Ru
Sif Muna
Trog
Uskayaw
Vehumet
Wu Jian
Xom
Yredelemnul
Zin
The Shining One


Innate Abilities, Weirdness & Mutations

You are resistant to torment.
Your stone body is resilient. (AC +5)
You are immune to poison.
You resist negative energy. (rN+)
You are resistant to electric shocks. (rElec)
You can survive without breathing.
You are immune to petrification.
You are immune to rotting.


Message History

Confirm with . or Enter, or press ? or * to list all spells.
Aiming: Stone Arrow (safe; 6% risk of failure)
Press: ? - help, Shift-Dir - straight line, f - howler monkey
Aim: a howler monkey The stone arrow hits the howler monkey.
The howler monkey is almost dead.
You are feeling very hungry.
Casting: Stone Arrow (safe; 6% risk of failure)
Confirm with . or Enter, or press ? or * to list all spells.
Aiming: Sandblast (safe; 1% risk of failure)
Press: ? - help, Shift-Dir - straight line, f/p - howler monkey
Aim: a howler monkey (almost dead)
The blast of sand hits the howler monkey.
You kill the howler monkey!
Kikubaaqudgha accepts your kill.
q - 49 stones
There is a stone staircase leading up here.
There is a stone staircase leading up here.
You are near starving!
i - 5 scrolls of teleportation (gained 1)
An orc comes into view. It is wielding a mace.
The orc shouts!
You hear a shout! x2
Casting: Sandblast (safe; 1% risk of failure)
Confirm with . or Enter, or press ? or * to list all spells.
Aiming: Stone Arrow (safe; 6% risk of failure)
Press: ? - help, Shift-Dir - straight line, f - orc
Aim: an orc, wielding a mace and wearing a leather armour The stone arrow hits the orc.
You kill the orc!
Kikubaaqudgha accepts your kill.
You hear a shout!
An orc warrior and an orc wizard come into view.
The orc wizard is wielding a dagger of draining.
Casting: Stone Arrow (safe; 6% risk of failure)
Confirm with . or Enter, or press ? or * to list all spells.
Aiming: Stone Arrow (safe; 6% risk of failure)
Press: ? - help, Shift-Dir - straight line, f - orc warrior
Aim: an orc warrior, wielding an enchanted hand axe and wearing a plate armour The stone arrow hits the orc warrior.
The orc warrior is lightly wounded.
Casting: Stone Arrow (safe; 6% risk of failure)
Confirm with . or Enter, or press ? or * to list all spells.
Aiming: Stone Arrow (safe; 6% risk of failure)
Press: ? - help, Shift-Dir - straight line, f/p - orc warrior
Aim: an orc warrior, wielding an enchanted hand axe and wearing a plate armour (lightly wounded)
The stone arrow misses the orc warrior.
Casting: Stone Arrow (safe; 6% risk of failure)
Confirm with . or Enter, or press ? or * to list all spells.
Aiming: Stone Arrow (safe; 6% risk of failure)
Press: ? - help, Shift-Dir - straight line, f/p - orc warrior
Aim: an orc warrior, wielding an enchanted hand axe and wearing a plate armour (lightly wounded)
The stone arrow hits the orc warrior.
The orc warrior is moderately wounded.
You are starving!
The orc wizard casts a spell.
The orc wizard blinks!
You hit the orc warrior.
The orc warrior is heavily wounded.
The orc warrior closely misses you.
You hit the orc warrior but do no damage.
The orc warrior is heavily wounded.
The orc warrior hits you with an enchanted hand axe.
You hit the orc warrior.
The orc warrior is heavily wounded.
The orc warrior closely misses you.
You barely miss the orc warrior.
The orc warrior is heavily wounded.
The orc wizard mumbles some strange words.
The orc wizard seems to speed up.
The orc warrior hits you with an enchanted hand axe.
You hit the orc warrior.
The orc warrior is almost dead.
The orc warrior hits you with an enchanted hand axe!
You eat one of the 10 rations.
That ration really hit the spot!
The orc warrior hits you with an enchanted hand axe!
An orc comes into view.
You barely miss the orc warrior.
The orc warrior is almost dead.
The orc warrior hits you but does no damage.
The orc wizard casts a spell.
The orc wizard blinks!
The orc wizard gestures at you while chanting.
You feel yourself slow down. The orc warrior closely misses you.
Casting: Stone Arrow (safe; 6% risk of failure)
Confirm with . or Enter, or press ? or * to list all spells.
Aiming: Sandblast (safe; 1% risk of failure)
Press: ? - help, Shift-Dir - straight line, f/p - orc warrior
Aim: an orc warrior, wielding an enchanted hand axe and wearing a plate armour (almost dead)
The blast of sand misses the orc warrior.
The blast of sand hits the orc wizard.
The orc wizard is heavily wounded.
q - 48 stones The orc wizard casts a spell.
The orc wizard blinks!
The orc warrior hits you with an enchanted hand axe!!
* * * LOW HITPOINT WARNING * * *
The orc warrior hits you with an enchanted hand axe!
You die...
Kikubaaqudgha rasps: "You have failed me!
Welcome... oblivion!"

#...#.....#
#...#.....# #
######...#.....###
#.................
#.####...#..)..###
#.# #...#.....# #
#.# #...####### #
#.# #...# # #@#
##### # #o# #
####o# # #o..o#
#.#### #.# #§# #o#
#.#


You could see an orc warrior, an orc wizard and an orc.

Vanquished Creatures
  An ogre (D:6)
  3 scorpions (D:4)
  3 howler monkeys
  A hound (D:5)
  3 orc priests
  Crazy Yiuf (D:2)
  5 orc wizards
  2 centaur skeletons (D:4)
  2 iguanas
  Natasha (thrice) (D:3)
  3 worker ants
  A big kobold zombie (Ossuary)
  8 mummies (Ossuary)
  Robin (D:3)
  3 gnolls (D:2)
  10 adders
  2 worms (D:3)
  An adder skeleton (D:4)
  2 dart slugs
  7 leopard geckos
  19 orcs
  3 ball pythons
  8 giant cockroaches
  13 goblins
  6 hobgoblins
  13 jackals
  2 quokkas
  6 bats
  14 frilled lizards
  2 gnoll zombies (Ossuary)
  3 hobgoblin zombies (Ossuary)
  A jackal skeleton (D:5)
  3 kobolds (D:3)
  A kobold zombie (Ossuary)
  A leopard gecko skeleton (D:4)
  An orc zombie (Ossuary)
  8 rats
  A fungus (D:6)
167 creatures vanquished.

Vanquished Creatures (collateral kills)
  A shadow imp (D:5)
  An orc (D:5)
  A frilled lizard (Sewer)
3 creatures vanquished.

Grand Total: 170 creatures vanquished

Notes
Turn   | Place    | Note
-------+----------+-------------------------------------------
     0 | D:1      | sankara the Gargoyle Earth Elementalist began the quest for the Orb.
     0 | D:1      | Reached XP level 1. HP: 10/10 MP: 3/3
    62 | D:1      | Reached skill level 4 in Earth Magic
    63 | D:1      | Reached XP level 2. HP: 11/15 MP: 0/5
  1057 | D:2      | Reached XP level 3. HP: 18/19 MP: 3/6
  1060 | D:2      | Reached skill level 5 in Earth Magic
  1210 | D:2      | Found a runed door.
  1246 | D:2      | HP: 4/19 [gnoll/club (7)]
  1247 | D:2      | HP: 1/19 [gnoll/club (3)]
  1552 | D:2      | Reached XP level 4. HP: 16/24 MP: 4/7
  1680 | D:2      | Learned a level 2 spell: Passwall
  1684 | D:2      | Learned a level 3 spell: Stone Arrow
  1885 | D:2      | Found a glowing golden altar of the Shining One.
  1885 | D:2      | Found a deep blue altar of Sif Muna.
  2048 | D:2      | Reached skill level 1 in Conjurations
  2104 | D:2      | Noticed Crazy Yiuf
  2106 | D:2      | Killed Crazy Yiuf
  2106 | D:2      | Reached skill level 2 in Conjurations
  2454 | D:3      | Noticed Robin
  2464 | D:3      | Killed Robin
  2464 | D:3      | Reached XP level 5. HP: 25/28 MP: 0/8
  2557 | D:3      | Reached skill level 3 in Conjurations
  2687 | D:3      | Noticed Natasha
  2693 | D:3      | Killed Natasha
  2693 | D:3      | Reached skill level 1 in Maces & Flails
  2722 | D:3      | Noticed Natasha
  2725 | D:3      | Killed Natasha
  2725 | D:3      | Reached skill level 2 in Maces & Flails
  2983 | D:3      | Noticed Natasha
  2986 | D:3      | Killed Natasha
  2986 | D:3      | Reached XP level 6. HP: 32/32 MP: 4/9
  3211 | D:3      | Reached skill level 3 in Maces & Flails
  3378 | D:4      | HP: 8/32 [centaur skeleton (3)]
  3730 | D:4      | Reached skill level 4 in Maces & Flails
  4015 | D:4      | Reached XP level 7. HP: 36/36 MP: 6/10
  4026 | D:4      | Reached skill level 5 in Maces & Flails
  4618 | D:4      | Found an ancient bone altar of Kikubaaqudgha.
  4618 | D:4      | Found a glowing silver altar of Zin.
  4618 | D:4      | Found a hide-covered altar of Uskayaw.
  4654 | D:4      | Became a worshipper of Kikubaaqudgha
  4709 | D:4      | Reached skill level 4 in Conjurations
  4814 | D:4      | Reached skill level 6 in Earth Magic
  5350 | D:5      | Entered Level 5 of the Dungeon
  5410 | D:5      | Reached skill level 7 in Earth Magic
  5463 | D:5      | Found a glowing drain.
  5506 | Sewer    | Entered a sewer
  5569 | Sewer    | Reached skill level 1 in Fighting
  5640 | Sewer    | Reached * piety under Kikubaaqudgha
  5640 | Sewer    | Identified Kikubaaqudgha's Collected Works on Necromancy (Kikubaaqudgha gifted it to you in a sewer)
  5640 | Sewer    | Received a gift from Kikubaaqudgha
  5644 | Sewer    | Learned a level 1 spell: Animate Skeleton
  5648 | Sewer    | Learned a level 3 spell: Regeneration
  5868 | D:5      | Found a sand-covered staircase.
  5885 | Ossuary  | Entered an ossuary
  5938 | Ossuary  | Reached XP level 8. HP: 36/44 MP: 11/11
  5952 | Ossuary  | Reached skill level 2 in Fighting
  6150 | Ossuary  | Reached skill level 3 in Fighting
  6482 | D:5      | Found a burning altar of Makhleb.
  6484 | D:5      | Noticed a cacodemon
  6735 | D:5      | Reached skill level 4 in Fighting
  7069 | D:5      | Reached ** piety under Kikubaaqudgha
  7138 | D:5      | Found a blossoming altar of Fedhas.
  7138 | D:5      | Found a white marble altar of Elyvilon.
  7332 | D:6      | Found a shadowy altar of Dithmenos.
  7362 | D:6      | Found a staircase to the Ecumenical Temple.
  7368 | Temple   | Entered the Ecumenical Temple
  7772 | D:6      | Reached skill level 5 in Fighting
  8071 | D:6      | HP: 5/50 [orc warrior/enchanted hand axe (18)]
  8072 | D:6      | Slain by an orc warrior

Vault maps used:
D:1:      tarquinn_simple_flora_water_b
D:2:      gammafunk_temple_overflow_elements, first_ration,
          uniq_crazy_yiuf_cottage
D:3:      uniq_robin, uniq_natasha
D:4:      gammafunk_temple_overflow_forgotten
D:5:      chequers_temple_overflow_statue_of_worship,
          nicolae_ossuary_entry_false_entrances, portal_sewer_entry_f,
          makhleb_altar_promises_db
D:6:      nicolae_overflow_hidden_temple, minmay_temple_entry_enclosed_plants,
          minmay_gold_behind_fungi
Temple:   oiseaux_autumnal_temple
Sewer:    sewer_co_cracked_pipes
Ossuary:  ossuary_tomb_3

Skill      XL: |  1  2  3  4  5  6  7  8 |
---------------+-------------------------+-----
Earth Magic    | 4 5 7 |  7.0
Conjurations   | 2 3 4 |  4.0
Maces & Flails | 2 4 5 |  5.5
Fighting       | 1 5 |  5.5
Dodging        | |  1.5
Stealth        | |  2.1
Spellcasting   | |  2.0
Necromancy     | |  0.9
Transmutations | |  0.7

Action                   |  1- 3 |  4- 6 |  7- 9 || total
-------------------------+-------+-------+-------++-------
Melee: Unarmed           |     5 |       |       ||     5
       Dagger            |    85 |    53 |       ||   138
       Flail             |       |   146 |   259 ||   405
Throw: Stone             |       |     1 |     1 ||     2
 Cast: Sandblast         |    17 |    35 |    45 ||    97
       Stone Arrow       |       |     6 |    31 ||    37
       Animate Skeleton  |       |       |     9 ||     9
  Use: Scroll            |       |     7 |     2 ||     9
 Stab: Sleeping          |     3 |       |     1 ||     4
  Eat: Chunk             |     2 |    10 |    13 ||    25
       Ration            |       |       |     2 ||     2
Armor: Robe              |    30 |   112 |   101 ||   243
Dodge: Dodged            |    60 |   153 |   171 ||   384

Table legend:
 A = Spawn XP
 B = Non-spawn XP
 C = Spawn XP percentage of total XP
 D = Spawn monster count
 E = Non-spawn monster count
 F = Spawn count percentage of total count
 G = Total turns spent on level
                    A         B        C        D         E        F      G
               +---------+---------+-------+---------+---------+-------+---------
         Total |       0 |    1854 |   0.0 |       0 |     169 |   0.0 |  8072
               +---------+---------+-------+---------+---------+-------+---------
           D:1 |       0 |      27 |   0.0 |       0 |      15 |   0.0 |   970
           D:2 |       0 |     114 |   0.0 |       0 |      23 |   0.0 |  1176
           D:3 |       0 |     213 |   0.0 |       0 |      36 |   0.0 |  1608
           D:4 |       0 |     730 |   0.0 |       0 |      32 |   0.0 |  1596
           D:5 |       0 |     342 |   0.0 |       0 |      29 |   0.0 |  1069
           D:6 |       0 |     214 |   0.0 |       0 |       5 |   0.0 |   509
         Sewer |       0 |      37 |   0.0 |       0 |      13 |   0.0 |   345
       Ossuary |       0 |     177 |   0.0 |       0 |      16 |   0.0 |   533
               +---------+---------+-------+---------+---------+-------+---------

Vault maps used:
D:1:      tarquinn_simple_flora_water_b
D:2:      gammafunk_temple_overflow_elements, first_ration,
          uniq_crazy_yiuf_cottage
D:3:      uniq_robin, uniq_natasha
D:4:      gammafunk_temple_overflow_forgotten
D:5:      chequers_temple_overflow_statue_of_worship,
          nicolae_ossuary_entry_false_entrances, portal_sewer_entry_f,
          makhleb_altar_promises_db
D:6:      nicolae_overflow_hidden_temple, minmay_temple_entry_enclosed_plants,
          minmay_gold_behind_fungi
Temple:   oiseaux_autumnal_temple
Sewer:    sewer_co_cracked_pipes
Ossuary:  ossuary_tomb_3

Table legend:
 A = Turns spent in this place as a percentage of turns spent in the entire game.
 B = Non-inter-level travel turns spent in this place as a percentage of non-inter-level travel turns spent in the entire game.
 C = Inter-level travel turns spent in this place as a percentage of turns spent in this place.
 D = Turns resting spent in this place as a percentage of non-inter-level travel turns spent in this place.
 E = Turns spent auto-exploring this place as a percentage of non-inter-level travel turns spent in this place.
 F = Non-inter-level travel turns spent in this place divided by the number of levels of this place that you've seen.
                   A       B       C       D       E      F
               +-------+-------+-------+-------+-------+----------------------
         Total | 100.0 | 100.0 |   3.0 |  30.1 |  44.5 | 869.8
       Dungeon |  85.8 |  85.8 |   3.1 |  31.3 |  44.1 | 1119.3
        Temple |   3.3 |   3.0 |  12.0 |   0.0 |  98.7 | 234.0
         Sewer |   4.3 |   4.4 |   0.0 |   0.0 |  47.5 | 345.0
       Ossuary |   6.6 |   6.8 |   0.0 |  47.7 |  23.1 | 533.0
               +-------+-------+-------+-------+-------+----------------------

Table legend:
 A = Kills in this place as a percentage of kills in entire the game.
 B = Kills by you in this place as a percentage of kills by you in the entire game.
 C = Kills by friends in this place as a percentage of kills by friends in the entire game.
 D = Other kills in this place as a percentage of other kills in the entire game.
 E = Experience gained in this place as a percentage of experience gained in the entire game.
 F = Experience gained in this place divided by the number of levels of this place that you have seen.
                   A       B       C       D       E      F
               +-------+-------+-------+-------+-------+----------------------
         Total | 100.0 | 100.0 | 100.0 |   N/A | 100.0 | 206.0
       Dungeon |  82.8 |  83.1 |  66.7 |   N/A |  88.5 | 273.3
         Sewer |   7.7 |   7.2 |  33.3 |   N/A |   2.0 |  37.0
       Ossuary |   9.5 |   9.6 |   0.0 |   N/A |   9.5 | 177.0
               +-------+-------+-------+-------+-------+----------------------
